Map: Dynasty LE

Players

EpicAdine

  • Race: Zerg Zerg
  • League: Gold
  • Spawn Location: 7:00

ohmygodism - Winner!

  • Race: Terran Terran
  • League: Platinum
  • Spawn Location: 1:00

VOD

Have the link to the VOD?

Description

Time

  • Played on: April 29, 2024, 10:07 p.m.
  • Length: 14:04
Show
View Real Time Build Order
Export as new Build Order

EpicAdine Zerg 

Build Orders: Pool First 

Get SALT Encoding   

  12  0:02  Drone  
  13  0:08  Drone  
  14  0:29  Spawning Pool  
  14  0:30  Drone  
  14  0:37  Overlord  
  14  0:52  Overlord  
  14  0:56  Drone  
  14  0:57  Drone  
  16  1:20  Drone x2  
  18  1:29  Extractor  
  17  1:35  Drone  
  17  1:36  Queen  
  20  1:40  Zergling x2  
  21  1:52  Drone  
  22  2:07  Drone  
  23  2:11  Queen  
  23  2:13  Zergling x2  
  26  2:35  Hatchery  
  25  2:43  Overlord x3  
  25  3:05  Zergling x2  
  26  3:14  Zergling x4  
  26  3:15  Zergling x4  
  30  3:29  Metabolic Boost  
  27  3:57  Zergling x2  
  27  3:59  Zergling x8  
  27  4:00  Zergling x2  
  32  4:16  Zergling x2  
  33  4:18  Zergling x4  
  32  4:33  Zergling x2  
  32  4:34  Zergling x14  
  27  5:17  Zergling x12  
  27  5:18  Zergling x4  
  25  5:47  Zergling x8  
  28  5:50  Zergling x4  
  28  5:51  Zergling x2  
  19  6:49  Zergling x4  
  19  6:50  Zergling x8  
  25  6:59  Roach Warren  
  24  7:02  Queen  
  24  7:05  Queen  
  25  7:25  Zergling x4  
  25  7:26  Zergling x8  
  30  8:09  Roach x5  
  30  8:10  Roach  
  42  8:31  Zergling x4  
  30  9:13  Zergling x2, Roach x3  
  30  9:14  Zergling x4  
  30  9:16  Zergling x12  
  45  9:24  Zergling x6  
  48  9:57  Spore Crawler  
  41  10:04  Spore Crawler  
  27  10:19  Queen x2  
  27  10:21  Drone x4  
  29  10:24  Zergling x4  
  29  10:25  Zergling x8  
Show
View Real Time Build Order
Export as new Build Order

ohmygodism Terran - Winner!

Build Orders: Hellion Opening 

Get SALT Encoding   

  12  0:03  SCV  
  13  0:15  SCV  
  14  0:22  Supply Depot  
  14  0:30  SCV  
  14  0:31  Refinery  
  15  0:51  Engineering Bay  
  15  1:02  Barracks  
  15  1:05  Supply Depot  
  15  1:07  SCV  
  16  1:19  SCV  
  17  1:28  Supply Depot  
  17  1:32  SCV  
  18  1:33  Refinery  
  18  1:44  SCV  
  19  2:01  Factory  
  19  2:05  Orbital Command  
  19  2:10  Barracks Reactor  
  19  2:26  Barracks  
  19  2:36  SCV  
  20  2:50  Hellion  
  20  2:51  Hellion  
  24  2:54  Marine  
  24  2:56  Bunker  
  25  3:05  SCV  
  25  3:12  Hellion x2  
  30  3:13  Marine  
  31  3:21  SCV  
  32  3:33  Hellion x2  
  34  3:49  Barracks Tech Lab  
  34  3:55  Hellion x2  
  38  4:37  Siege Tank  
  41  4:39  Supply Depot, Command Center  
  34  5:18  Siege Tank  
  29  6:02  Siege Tank  
  26  6:40  Factory Tech Lab  
  26  6:52  Supply Depot  
  26  6:53  Engineering Bay  
  26  6:57  Starport  
  26  6:58  SCV  
  26  6:59  Starport x2  
  27  7:04  Siege Tank  
  27  7:05  Marine  
  27  7:06  Marine  
  32  7:10  SCV  
  32  7:11  Marine  
  34  7:29  Marine  
  35  7:35  Starport Tech Lab  
  35  7:39  Fusion Core  
  35  7:47  Marine  
  35  7:49  Starport Tech Lab  
  36  7:56  Planetary Fortress  
  36  8:05  Marine  
  37  8:08  Bunker  
  37  8:23  Marine  
  38  8:35  Battlecruiser  
  38  8:39  Battlecruiser  
  41  9:20  SCV  
  41  9:23  Starport Tech Lab  
  42  9:25  Barracks Reactor  
  42  9:27  SCV  
  42  9:29  Weapon Refit  
  43  9:32  SCV  
  44  9:39  SCV  
  44  9:44  SCV  
  46  9:56  SCV  
  47  10:09  SCV  
  48  10:21  SCV  
  49  10:34  SCV  
  50  10:46  SCV  
  50  10:58  SCV  
  51  11:10  SCV  
  51  11:33  Factory Tech Lab  
  51  11:35  Battlecruiser x2  
  51  13:28  Refinery  
  51  13:34  Refinery  
Tags
 
Add a new tag
Caveats
  • Supply blocks, unpowered buildings, or Contaminate may cause inaccurate times.
  • Supply counts are checked every 10 seconds.